 Dungeon Crawl Stone Soup version 0.19.4 (webtiles) character file.

1692 Jerry the Cleaver (level 9, -9/85 HPs)
             Began as a Formicid Fighter on Feb 5, 2017.
             Mangled by an ogre
             ... wielding a +0 giant spiked club
              (16 damage)
             ... on level 6 of the Dungeon.
             The game lasted 00:09:46 (6241 turns).

Jerry the Cleaver (Formicid Fighter)                Turns: 6241, Time: 00:09:47

Health: -9/85      AC: 24    Str: 20    XL:     9   Next: 22%
Magic:  9/9        EV:  2    Int: 12    God:
Gold:   266        SH: 10    Dex: 10    Spells: 0 memorised, 8 levels left

rFire  . . .     SeeInvis .     a - +0 war axe
rCold  . . .     Gourm    .     (armour currently unavailable)
rNeg   + + +     Faith    .     c - +0 shield
rPois  +         Spirit   .     (helmet unavailable)
rElec  .         Reflect  .     (cloak currently unavailable)
rCorr  .         Harm     .     (gloves currently unavailable)
MR     .....     Clarity  +     (boots currently unavailable)
Stlth  +.........               (no amulet)
                                m - ring of positive energy
                                (no ring)

@: tree-form
A: permanent stasis, dig shafts and tunnels, four strong arms, (antennae 0),
(iridescent scales 0), blurry vision 2, clarity, frail 1, (poison resistance)
a: no special abilities


You were on level 6 of the Dungeon.
You were hungry.
You were a tree.
You visited 1 branch of the dungeon, and saw 6 of its levels.

You collected 266 gold pieces.

Inventory:

Hand Weapons
 a - a +0 war axe (weapon)
Armour
 b - a +0 cloak (melded)
 c - a +0 shield (worn)
 n - a +0 pair of gloves (melded)
 z - a +2 scale mail of poison resistance (melded)
Jewellery
 h - an uncursed ring of flight
 m - a ring of positive energy (right branch)
 r - an uncursed amulet of magic regeneration
Wands
 B - a wand of confusion (15/48)
Scrolls
 e - 4 scrolls of identify
 i - a scroll of remove curse
 o - a scroll of immolation {unknown}
 q - a scroll of recharging {unknown}
 s - a scroll of magic mapping {unknown}
 t - 2 scrolls of random uselessness {unknown}
 v - 3 scrolls of enchant weapon {unknown}
 w - 3 scrolls of blinking {unknown}
 x - 3 scrolls of amnesia {unknown}
 y - a scroll of noise {unknown}
 C - a scroll of teleportation {unknown}
Potions
 d - a potion of might
 g - 3 potions of degeneration {unknown}
 j - 5 potions of flight
 l - 4 potions of curing
 p - 4 potions of brilliance {unknown}
 u - a potion of mutation {unknown}
 A - a potion of cancellation {unknown}
 D - a potion of ambrosia {unknown}
Comestibles
 f - 6 bread rations
 E - 6 chunks of flesh


   Skills:
 - Level 3.2 Fighting
 * Level 8.3 Axes
 + Level 6.8 Armour
 + Level 7.6 Shields


You had 8 spell levels left.
You didn't know any spells.

Dungeon Overview and Level Annotations

Branches:
Dungeon (6/15)
 Temple: D:4-7

Altars:
Elyvilon
Sif Muna


Innate Abilities, Weirdness & Mutations

You are under a permanent stasis effect.
You can dig through walls and to a lower floor.
Your four strong arms can wield two-handed weapons with a shield.
((You have a pair of large antennae on your head. (SInv)))
((You are partially covered in iridescent scales. (AC +2)))
Scrolls take you longer to read.
You possess an exceptional clarity of mind.
You are frail. (-10% HP)
((Your system is resistant to poisons. (rPois)))


Message History

You hit the ogre.
The ogre is lightly wounded.
The ogre barely misses you.
Your scale mail prevents you from hitting the ogre.
The ogre is lightly wounded.
You hit the ogre.
The ogre is moderately wounded.
The ogre hits you with a giant spiked club!
You completely miss the ogre.
The ogre is moderately wounded.
The ogre hits you with a giant spiked club!
* * * LOW HITPOINT WARNING * * *
You are too injured to fight recklessly!
You are too injured to fight recklessly!
You turn into a tree.
Your +0 cloak melds into your body.
Your +0 pair of gloves melds into your body.
Your +2 scale mail of poison resistance melds into your body.
Your roots penetrate the ground.
The ogre hits you with a giant spiked club!
You die...

##############
.!..........#####
#.%#######......#
#).#######..###.### #
##.$##..............
...###..O##.####..###.###
#......♣.#.# #..# #.#..
....../...#.## #..# #.#..
...##..?..#..# #..# #.#..
.....)....#..# #..# #.#..
.......).....# .....#.###
.........................
...#...#..##.##.....#.###
............... .........
.############## #######.


You could see an ogre.

Vanquished Creatures
  The ghost of Jerry the Shield-Bearer, a novice FoFi (D:4)
  Menkaure (D:6)
  Duvessa (D:6)
  2 sky beasts
  An ogre (D:4)
  3 centaurs (D:5)
  Dowan (D:6)
  2 scorpions
  2 howler monkeys
  A bullfrog zombie (D:4)
  2 orc wizards (D:5)
  An orc priest (D:3)
  A jelly (D:4)
  Terence (D:2)
  An iguana (D:4)
  2 worker ants
  A hound skeleton (D:4)
  A gnoll (D:1)
  5 adders
  3 oozes (D:3)
  An adder zombie (D:6)
  3 worms
  3 dart slugs (D:1)
  4 leopard geckos
  11 orcs
  3 ball pythons
  8 bats
  6 giant cockroaches
  7 goblins
  8 hobgoblins
  5 jackals
  2 quokkas
  7 frilled lizards
  A jackal skeleton (D:5)
  4 kobolds
  A quokka skeleton (D:6)
  7 rats
114 creatures vanquished.

Notes
Turn   | Place    | Note
-------+----------+-------------------------------------------
     0 | D:1      | Jerry the Formicid Fighter began the quest for the Orb.
     0 | D:1      | Reached XP level 1. HP: 18/18 MP: 1/1
   148 | D:1      | Reached XP level 2. HP: 12/24 MP: 2/2
   586 | D:1      | Reached XP level 3. HP: 29/29 MP: 3/3
  1119 | D:1      | Reached skill level 3 in Axes
  1383 | D:2      | Noticed Terence
  1404 | D:2      | Killed Terence
  1404 | D:2      | Reached XP level 4. HP: 21/35 MP: 4/4
  1935 | D:3      | Reached XP level 5. HP: 33/41 MP: 5/5
  2035 | D:3      | Found a deep blue altar of Sif Muna.
  2149 | D:3      | Reached skill level 4 in Axes
  2528 | D:3      | HP: 2/41 [orc priest/divine providence (12)]
  3140 | D:3      | Reached XP level 6. HP: 47/47 MP: 6/6
  3232 | D:4      | Noticed an ogre
  3239 | D:4      | Killed an ogre
  3239 | D:4      | Reached skill level 5 in Shields
  3574 | D:4      | Noticed Jerry's ghost (novice FoFi)
  3755 | D:4      | Killed Jerry's ghost
  3755 | D:4      | Reached skill level 5 in Axes
  3755 | D:4      | Reached skill level 5 in Armour
  3755 | D:4      | Reached XP level 7. HP: 44/52 MP: 7/7
  3840 | D:4      | Reached skill level 6 in Axes
  4501 | D:4      | Reached XP level 8. HP: 48/58 MP: 8/8
  4597 | D:5      | Entered Level 5 of the Dungeon
  5343 | D:5      | Reached skill level 7 in Axes
  5350 | D:5      | Gained mutation: You possess an exceptional clarity of mind. [mutagenic meat]
  5351 | D:5      | Gained mutation: Scrolls take you a little longer to read. [mutagenic meat]
  5352 | D:5      | Gained mutation: Scrolls take you longer to read. [mutagenic meat]
  5353 | D:5      | Gained mutation: You are frail. (-10% HP) [mutagenic meat]
  5362 | D:5      | Found a white marble altar of Elyvilon.
  5785 | D:6      | Gained mutation: Your system is resistant to poisons. (rPois) [mutagenic meat]
  5786 | D:6      | Gained mutation: You are partially covered in iridescent scales. (AC +2) [mutagenic meat]
  5911 | D:6      | Noticed Menkaure
  5920 | D:6      | Killed Menkaure
  5920 | D:6      | Reached XP level 9. HP: 31/57 MP: 9/9
  6173 | D:6      | Reached skill level 8 in Axes
  6203 | D:6      | Noticed Duvessa
  6206 | D:6      | Noticed Dowan
  6219 | D:6      | Killed Duvessa
  6230 | D:6      | Killed Dowan
  6241 | D:6      | Mangled by an ogre

Skill      XL: |  1  2  3  4  5  6  7  8  9 |
---------------+----------------------------+-----
Shields        | 4 5 6 7 |  7.6
Axes           | 3 4 5 6 7 8 |  8.3
Armour         | 4 5 6 |  6.8
Fighting       | |  3.2

Action                   |  1- 3 |  4- 6 |  7- 9 || total
-------------------------+-------+-------+-------++-------
Melee: War axe           |    93 |   174 |   204 ||   471
  Use: Scroll            |       |     4 |     3 ||     7
       Potion            |       |     1 |     1 ||     2
 Stab: Distracted        |     1 |       |       ||     1
  Eat: Chunk             |     2 |     7 |    16 ||    25
Armor: Scale mail        |    41 |    82 |    80 ||   203
Dodge: Dodged            |    21 |    58 |    61 ||   140
Block: Shield            |    42 |    88 |   105 ||   235
